Map: Deathaura LE

Players

SirGanks - Winner!

  • Race: Terran Terran
  • Spawn Location: 5:00

VOD

Have the link to the VOD?

Description

Time

  • Played on: March 18, 2021, 12:09 p.m.
  • Length: 24:55
Show
View Real Time Build Order
Export as new Build Order

SirGanks Terran - Winner!

Build Orders:  

Get SALT Encoding   

  12  0:00  SCV  
  13  0:18  SCV  
  14  0:33  Supply Depot  
  14  0:36  SCV  
  15  1:03  SCV  
  16  1:11  Barracks  
  16  1:20  SCV  
  17  1:36  Refinery  
  17  1:38  SCV  
  18  2:00  SCV  
  19  2:17  Marine  
  19  2:18  Supply Depot  
  19  2:19  SCV  
  21  2:30  Refinery  
  21  2:36  SCV  
  22  2:45  Marine  
  23  2:57  SCV  
  23  2:58  Bunker  
  24  3:11  Marine  
  24  3:16  SCV  
  26  3:33  Orbital Command  
  26  3:39  Supply Depot  
  26  3:43  Marine  
  26  3:48  Command Center  
  27  4:08  SCV  
  29  4:24  Barracks Tech Lab  
  28  4:38  SCV  
  28  4:39  Barracks  
  29  4:56  SCV  
  30  5:01  Marauder  
  32  5:14  SCV  
  33  5:39  SCV  
  34  5:41  SCV  
  35  5:52  Supply Depot  
  35  5:54  Supply Depot  
  35  5:58  Marauder  
  37  6:01  Barracks Tech Lab  
  37  6:03  SCV  
  37  6:04  SCV  
  37  6:09  Stimpack  
  39  6:22  Barracks  
  39  6:24  Supply Depot  
  39  6:25  SCV x2  
  39  6:29  Marauder  
  43  6:33  Barracks  
  43  6:39  Unknown  
  43  6:43  SCV  
  43  6:44  SCV  
  45  7:03  Engineering Bay  
  45  7:05  Engineering Bay  
  45  7:06  SCV  
  45  7:07  SCV  
  47  7:18  Marauder  
  47  7:19  Marauder  
  51  7:33  SCV  
  51  7:34  SCV  
  53  7:52  Barracks  
  53  7:54  SCV  
  53  7:55  SCV  
  55  8:05  Barracks Tech Lab  
  55  8:06  Barracks Reactor  
  55  8:09  Marauder  
  57  8:10  Marauder  
  59  8:25  Refinery  
  59  8:26  Refinery  
  59  8:34  Terran Infantry Weapons Level 1  
  59  8:35  Terran Infantry Armor Level 1  
  59  8:49  Factory  
  59  9:01  Barracks  
  59  9:09  Missile Turret x2  
  59  9:21  Barracks Reactor  
  59  9:24  Marauder x2  
  59  9:25  Marauder, Marine  
  59  9:26  Marine  
  67  9:42  Concussive Shells  
  67  9:46  Missile Turret  
  67  9:51  Missile Turret  
  67  10:00  Missile Turret  
  64  10:29  Marauder x3  
  64  10:30  Marine x3  
  64  10:31  Marine  
  68  10:55  Barracks Reactor  
  68  10:59  Bunker  
  68  11:07  Marauder x2  
  68  11:08  Marauder, Marine x2  
  68  11:09  Marine x2  
  78  11:42  Starport  
  78  11:46  Starport  
  78  11:53  Starport  
  78  12:10  Supply Depot  
  78  12:14  Supply Depot  
  78  12:40  SCV x2  
  78  12:43  Supply Depot  
  78  12:48  Supply Depot  
  80  12:59  Armory  
  80  13:03  Marauder  
  80  13:04  Marauder x2  
  80  13:05  Marine x3  
  80  13:06  Marine x3  
  92  13:18  Starport Reactor  
  92  13:19  Starport Reactor  
  92  13:35  Starport Reactor  
  92  13:42  Marauder  
  92  13:43  Marauder x2  
  92  13:44  Marine x3  
  92  13:45  Marine x2  
  92  13:46  Marine  
  104  14:03  Supply Depot  
  104  14:06  Supply Depot  
  104  14:12  Supply Depot  
  104  14:14  Terran Infantry Weapons Level 2, Supply Depot  
  104  14:15  Terran Infantry Armor Level 2  
  104  14:42  Command Center  
  104  15:02  Marauder  
  104  15:03  Marauder x2, Marine  
  104  15:04  Marine x2  
  104  15:05  Marine x3  
  116  15:15  Medivac x2  
  116  15:16  Medivac x2  
  116  15:17  Medivac x2  
  128  15:46  Supply Depot  
  128  15:49  Supply Depot  
  128  15:51  Supply Depot  
  115  17:16  Marauder  
  115  17:17  Marauder x2  
  115  17:18  Marine x2  
  115  17:19  Marine x3  
  126  17:20  Marine  
  127  17:37  Terran Infantry Weapons Level 3  
  127  17:38  Terran Infantry Armor Level 3  
  127  18:11  Marauder  
  127  18:12  Marauder x2, Marine  
  127  18:13  Marine x4  
  127  18:14  Bunker, Marine  
  127  18:17  Planetary Fortress  
  139  18:39  SCV x2  
  141  18:51  Marauder x2  
  141  18:52  Marauder, Marine x2  
  141  18:53  Marine x2  
  141  18:54  Marine x2  
  141  18:56  SCV, Medivac  
  141  18:57  Medivac x3  
  162  19:42  Refinery  
  162  19:43  Refinery  
  162  20:00  Bunker  
  162  20:13  Bunker  
  162  20:16  Marauder x3  
  162  20:17  Marine x3  
  162  20:18  Marine x3  
  174  20:21  Bunker  
  174  20:28  Bunker  
  174  21:01  Marine x2  
  174  21:02  Marine x3  
  174  21:03  Marauder, Marine  
  174  21:04  Marauder x2  
  186  21:43  SCV  
  186  21:44  SCV x2  
  186  21:49  Hi-Sec Auto Tracking  
Tags
 
Matchup
Co-op
Replay Pack
AI
Add a new tag
Caveats
  • Supply blocks, unpowered buildings, or Contaminate may cause inaccurate times.
  • Supply counts are checked every 10 seconds.